 Dungeon Crawl Stone Soup version 0.23-a0-484-g29ba69c (webtiles) character file.

7175 iamserjio the Grappler (level 11, 0/91 HPs)
             Began as an Ogre Summoner on Nov 30, 2018.
             Was a Follower of Hepliaklqana.
             Killed from afar by a gargoyle (25 damage)
             ... with a stone arrow
             ... on level 10 of the Dungeon.
             The game lasted 00:48:58 (19914 turns).

iamserjio the Grappler (Ogre Summoner)             Turns: 19914, Time: 00:48:58

Health: 0/91       AC:  6    Str: 17    XL:     11   Next: 11%
Magic:  11/17      EV: 11    Int: 16    God:    Hepliaklqana [*.....]
Gold:   471        SH:  0    Dex:  9    Spells: 3/18 levels left

rFire    + . .     SeeInvis .     - Unarmed
rCold    . . .     Gourm    .   (no shield)
rNeg     . . .     Faith    .   v - +2 robe {Archmagi}
rPois    .         Spirit   .   h - +0 hat
rElec    .         Reflect  .   j - +0 cloak
rCorr    .         Harm     .   (gloves unavailable)
MR       ++...                  (boots unavailable)
Stlth    +.........             (no amulet)
HPRegen  0.25/turn              q - ring of protection from magic
MPRegen  0.15/turn              k - ring of protection from fire

@: no status effects
A: large, unfitting armour, reduced essence, tough skin 1
a: Recall Ancestor, Ancestor Identity, Renounce Religion


You were on level 10 of the Dungeon.
You worshipped Hepliaklqana.
Hepliaklqana was aware of your devotion.
You were hungry.

You visited 2 branches of the dungeon, and saw 11 of its levels.

You collected 471 gold pieces.

Inventory:

Missiles
 b - 15 tomahawks
 d - 4 javelins (quivered)
 s - a throwing net {!f}
Armour
 a - a +0 robe
 h - a +0 hat (worn)
 j - a +0 cloak (worn)
 t - a +0 shield
 v - a +2 robe of the Archmagi (worn)
Jewellery
 g - an uncursed ring of positive energy
 k - a ring of protection from fire (right hand)
 q - a ring of protection from magic (left hand)
Wands
 n - a wand of digging (3)
 C - a wand of disintegration (10)
Scrolls
 f - a scroll of random uselessness {unknown}
 i - 4 scrolls of remove curse {@r2}
 m - 2 scrolls of immolation {unknown}
 o - a scroll of magic mapping
 u - a scroll of summoning {unknown}
 y - 3 scrolls of teleportation
 D - a scroll of enchant armour {unknown}
 E - a scroll of acquirement {unknown}
Potions
 e - a potion of mutation
 l - a potion of lignification {unknown}
 p - 2 potions of ambrosia
 r - a potion of cancellation {unknown}
 w - a potion of heal wounds {unknown}
 x - 2 potions of brilliance {unknown}
 z - a potion of agility {unknown}
 A - a potion of curing {@q1}
Comestibles
 c - 9 rations


   Skills:
 - Level 5.0 Fighting
 - Level 5.0 Dodging
 - Level 1.4 Stealth
 + Level 4.4 Shields
 * Level 10.0 Unarmed Combat
 - Level 4.0 Spellcasting
 - Level 8.0 Summonings
 - Level 1.2 Translocations
 - Level 4.0 Air Magic


You had 3 spell levels left.
You knew the following spells:

 Your Spells              Type           Power        Failure   Level  Hunger
a - Summon Ice Beast      Ice/Summ       ###.....     32%         4    ####...
b - Call Imp              Summ           #####...     1%          2    ##.....
c - Call Canine Familiar  Summ           #####...     1%          3    ###....
d - Summon Lightning Spi  Summ/Air       ####....     14%         4    ####...
e - Blink                 Tloc           N/A          16%         2    ##.....

Your spell library contained the following spells:

 Spells                   Type           Power        Failure   Level  Hunger
 Summon Small Mammal      Summ           ####         1%          1    None
 Summon Guardian Golem    Hex/Summ       ###.....     10%         3    ###....
 Magic Dart               Conj           #...         17%         1    None
 Slow                     Hex            #.......     26%         2    ##.....
 Mephitic Cloud           Conj/Pois/Air  ##......     28%         3    ###....
 Conjure Flame            Conj/Fire      #.......     45%         3    ###....


Dungeon Overview and Level Annotations

Branches:
Dungeon (10/15)            Temple (1/1) D:4             Orc (0/2) D:10
   Lair: D:8-11

Altars:
Ashenzari
Cheibriados
Dithmenos
Elyvilon
Fedhas
Gozag
Hepliaklqana
Kikubaaqudgha
Makhleb
Nemelex Xobeh
Okawaru
Qazlal
Ru
Sif Muna
Trog
Uskayaw
Vehumet
Wu Jian
Xom
Yredelemnul
Zin
The Shining One

Annotations:
D:5 3 runed doors, Twixt's ghost, novice DEWz; Twixt's ghost, novice HOFi
D:7 2 transporters, SaintRoka's ghost, novice DEFE
D:9 Erolcha


Innate Abilities, Weirdness & Mutations

You are too large for most types of armour.
You have tough skin. (AC +1)
Your life essence is reduced to manifest your ancestor. (-10% HP)


Message History

The gargoyle hurls a stone arrow at you.
The stone arrow hits you!
* * * LOW HITPOINT WARNING * * *
Okay, then.
Unknown command.
Unknown command.
Okay, then.
Okay, then.
Here: a gargoyle, wielding a +0 flail (lightly damaged)
A stone staircase leading down, spattered with blood.
Okay, then.
Unknown command.
Unknown command.
Nammahani hits the gargoyle but does no damage.
The gargoyle closely misses you.
Casting: Call Canine Familiar (safe; 1% risk of failure)
Okay, then.
The gargoyle hurls a stone arrow at you.
The stone arrow hits you!
You die...

#.# #..# #.#|# #.#
#..####.#.# #.# ##....##.#.#
#(# #.....##.#.#
#.###........#.##
##...<...........#
.....#........#..#
.###.#.....##.#..# .#
#.......##.#.@##########.
.###.####.###.....9.........
.....# #.# #.#####R########
...######.# #.# #......#
<......>..# #.# #........
.########## .# #.#####.. ##
#.# ..# ###


You could see the friendly Nammahani the ancestor and a gargoyle.

Vanquished Creatures
  Pikel (D:7)
  Psyche (D:7)
  A kobold demonologist (D:8)
  Prince Ribbit (D:6)
  A hippogriff (D:9)
  A phantom (D:8)
  An ice beast (D:8)
  2 ogres
  4 centaurs
  6 big kobolds (D:8)
  7 bullfrogs
  A wyvern zombie (D:7)
  A wyvern skeleton (D:10)
  8 killer bees
  2 wights (D:8)
  2 howler monkeys
  A crimson imp (D:5)
  A jelly (D:8)
  A bullfrog skeleton (D:8)
  A centaur zombie (D:6)
  A centaur skeleton (D:4)
  2 orc priests
  5 hounds
  2 orc wizards
  A gnoll shaman (D:3)
  4 iguanas
  3 worker ants
  A hound skeleton (D:4)
  18 gnolls (D:3)
  2 adders (D:10)
  2 shadow imps
  An adder skeleton (D:5)
  2 worms
  4 dart slugs
  3 leopard geckos
  13 orcs
  8 giant cockroaches
  5 goblins
  5 hobgoblins
  11 jackals
  2 quokkas
  A ball python (D:7)
  5 bats
  5 frilled lizards
  19 kobolds
  A kobold skeleton (D:8)
  5 kobold zombies (D:8)
  A leopard gecko skeleton (D:6)
  A quokka skeleton (D:4)
  10 rats
187 creatures vanquished.

Vanquished Creatures (collateral kills)
  A two-headed ogre (D:9)
  A hippogriff (D:8)
  5 yaks (D:9)
  A wyvern (D:10)
  A water moccasin (D:10)
  Duvessa (D:7)
  2 orc warriors
  2 slaves (D:7)
  3 sky beasts (D:5)
  4 ogres
  2 phantoms
  A centaur (D:10)
  4 big kobolds
  A gnoll sergeant (D:3)
  Dowan (D:7)
  A scorpion (D:8)
  2 killer bees (D:8)
  A wight (D:7)
  4 crimson imps
  3 gnoll shamans (D:3)
  3 orc priests
  Jessica (D:2)
  3 orc wizards
  An iguana (D:4)
  A howler monkey skeleton (D:8)
  24 gnolls
  5 adders
  A shadow imp (D:8)
  3 worms
  2 dart slugs
  2 leopard geckos
  5 orcs
  A giant cockroach (D:3)
  A goblin (D:2)
  A hobgoblin (D:1)
  7 jackals
  A quokka (D:2)
  2 bats
  A frilled lizard (D:3)
  A jackal zombie (D:7)
  22 kobolds
  8 kobold skeletons (D:8)
  4 kobold zombies (D:8)
  A rat (D:1)
142 creatures vanquished.

Vanquished Creatures (others)
  3 ancestors
  A jackal (D:3)
  A plant (D:3)
  6 withered plants (D:5)
11 creatures vanquished.

Grand Total: 340 creatures vanquished

Notes
Turn   | Place    | Note
-------+----------+-------------------------------------------
     0 | D:1      | iamserjio the Ogre Summoner began the quest for the Orb.
     0 | D:1      | Reached XP level 1. HP: 16/16 MP: 3/3
   466 | D:1      | Reached XP level 2. HP: 17/26 MP: 5/5
  1015 | D:1      | Reached skill level 1 in Fighting
  1077 | D:1      | Reached skill level 1 in Unarmed Combat
  1735 | D:1      | Learned a level 2 spell: Call Imp
  1739 | D:2      | Reached XP level 3. HP: 33/33 MP: 2/6
  2636 | D:2      | Reached XP level 4. HP: 42/42 MP: 1/8
  2802 | D:2      | Reached skill level 2 in Unarmed Combat
  2839 | D:2      | Learned a level 3 spell: Call Canine Familiar
  3309 | D:2      | Noticed Jessica
  3316 | D:2      | Killed Jessica
  4300 | D:3      | Reached XP level 5. HP: 47/50 MP: 9/9
  5458 | D:2      | Learned a level 4 spell: Summon Lightning Spire
  5633 | D:3      | Reached skill level 3 in Unarmed Combat
  5898 | D:3      | Reached XP level 6. HP: 40/61 MP: 8/10
  6332 | D:3      | Reached skill level 1 in Air Magic
  6867 | D:3      | Reached XP level 7. HP: 68/68 MP: 4/12
  7207 | D:3      | Reached skill level 4 in Unarmed Combat
  7752 | D:3      | Learned a level 2 spell: Blink
  7901 | D:4      | You fall through a shaft for 2 floors!
  7954 | D:5      | Entered Level 5 of the Dungeon
  8469 | D:5      | Found a shadowy altar of Dithmenos.
  8470 | D:5      | Found a sparkling altar of Nemelex Xobeh.
  8470 | D:5      | Found a bloodstained altar of Trog.
  8470 | D:5      | Found a glowing golden altar of the Shining One.
  8939 | D:5      | Found a runed gate.
  8939 | D:5      | Found a runed gate.
  8939 | D:5      | Found a runed gate.
  8939 | D:5      | Noticed Twixt's ghost (novice HOFi)
  8970 | D:5      | Noticed Twixt's ghost (novice DEWz)
  9182 | D:5      | Reached XP level 8. HP: 61/79 MP: 9/14
  9508 | D:5      | Reached skill level 5 in Summonings
  9693 | D:5      | Reached skill level 5 in Unarmed Combat
  9793 | D:5      | Found a blossoming altar of Fedhas.
 10144 | D:4      | Found a radiant altar of Vehumet.
 10193 | D:4      | Found a staircase to the Ecumenical Temple.
 10289 | Temple   | Entered the Ecumenical Temple
 10392 | D:4      | Reached skill level 5 in Fighting
 10985 | D:5      | Learned a level 3 spell: Mephitic Cloud
 11855 | D:6      | Noticed Prince Ribbit
 11884 | D:6      | Killed Prince Ribbit
 11884 | D:6      | Reached skill level 1 in Translocations
 12074 | D:6      | Reached skill level 6 in Unarmed Combat
 12074 | D:6      | Reached XP level 9. HP: 51/88 MP: 7/15
 12553 | D:7      | Noticed Duvessa
 12568 | D:7      | Killed Duvessa
 12569 | D:7      | Noticed Dowan
 12575 | D:7      | Killed Dowan
 12614 | D:7      | Found a transporter.
 12619 | D:7      | Found a transporter.
 12620 | D:7      | Noticed SaintRoka's ghost (novice DEFE)
 12702 | D:7      | Noticed Pikel
 12729 | D:7      | Killed Pikel
 14069 | D:8      | Reached skill level 7 in Unarmed Combat
 14130 | D:8      | Found a hazy altar of Hepliaklqana.
 14142 | D:8      | Noticed Psyche
 14433 | D:7      | HP: 4/88 [poisoned by a killer bee]
 15378 | D:7      | Killed Psyche
 15825 | D:7      | Learned a level 4 spell: Summon Ice Beast
 15844 | D:8      | Reached skill level 1 in Shields
 16166 | D:8      | Reached XP level 10. HP: 72/96 MP: 12/16
 16188 | D:8      | Became a worshipper of Hepliaklqana the Forgotten
 16499 | D:8      | Reached skill level 5 in Dodging
 16516 | D:8      | Reached skill level 8 in Unarmed Combat
 16938 | D:8      | Found a sacrificial altar of Ru.
 17771 | D:8      | Noticed a kobold demonologist
 17776 | D:8      | Killed a kobold demonologist
 17814 | D:8      | Found an ancient bone altar of Kikubaaqudgha.
 18328 | D:9      | Reached skill level 9 in Unarmed Combat
 18616 | D:9      | Reached * piety under Hepliaklqana
 18649 | D:9      | Found a deep blue altar of Sif Muna.
 18696 | D:9      | Noticed Erolcha
 18781 | D:9      | Noticed a two-headed ogre
 18791 | D:9      | Killed a two-headed ogre
 18909 | D:9      | Found a basalt altar of Yredelemnul.
 18913 | D:9      | Found an ornate altar of the Wu Jian Council.
 19034 | D:9      | Found a stormy altar of Qazlal.
 19322 | D:10     | Entered Level 10 of the Dungeon
 19322 | D:10     | Found a staircase to the Orcish Mines.
 19329 | D:10     | Reached XP level 11. HP: 70/91 MP: 13/17
 19497 | D:10     | Reached skill level 10 in Unarmed Combat
 19531 | D:10     | Noticed a centaur warrior
 19914 | D:10     | Killed from afar by a gargoyle

Vault maps used:
D:1:      lemuel_arrival_muddy
D:2:      minmay_recursive_quarters, uniq_jessica
D:3:      lemuel_castle_with_subvaults
D:4:      vehumet_crystals, minmay_temple_entry_statues_pillars
D:5:      kennysheep_mini_moat, chequers_temple_overflow_statue_of_worship,
          gammafunk_ghost_cemetery, first_ration
D:6:      hangedman_abyss_or_decor_stagger, uniq_prince_ribbit1
D:7:      gammafunk_ghost_smash, uniq_pikel, uniq_duvessa
D:8:      wander_kiku_kobolds, nicolae_ru_sacrificial_ziggurat,
          overflow_temple_1_default, uniq_psyche
D:9:      kennysheep_little_box, lemuel_doored_altar, overflow_temple_1_default,
          lemuel_crystal_altar, uniq_erolcha
D:10:     cheibrodos_fzero
Temple:   eino_wide_crystal_templ

Skill      XL: |  1  2  3  4  5  6  7  8  9 10 11 |
---------------+----------------------------------+-----
Fighting       | 1 2 3 4 5 |  5.0
Unarmed Combat | 1 2 3 4 6 7 9 10 | 10.0
Dodging        | 2 3 4 5 |  5.0
Spellcasting   | 3 4 |  4.0
Summonings     | 4 5 6 7 8 |  8.0
Air Magic      | 1 2 3 4 |  4.0
Translocations | 1 |  1.2
Shields        | 1 4 |  4.4
Stealth        | |  1.4

Action                   |  1- 3 |  4- 6 |  7- 9 | 10-12 || total
-------------------------+-------+-------+-------+-------++-------
Melee: Unarmed           |   191 |   304 |   449 |   274 ||  1218
       Punch             |       |     4 |    13 |    12 ||    29
Throw: Javelin           |     3 |     5 |       |       ||     8
 Cast: Summon Small Mamm |     9 |       |       |       ||     9
       Call Imp          |    13 |    15 |    16 |     1 ||    45
       Call Canine Famil |       |    38 |    46 |    15 ||    99
       Summon Lightning  |       |       |     5 |     3 ||     8
Invok: Recall Ancestor   |       |       |       |     3 ||     3
Evoke: Wand              |       |       |    11 |     5 ||    16
  Use: Scroll            |       |     7 |     8 |     1 ||    16
       Potion            |       |     1 |     3 |       ||     4
 Stab: Sleeping          |     2 |     2 |     1 |     1 ||     6
       Distracted        |     2 |     3 |     4 |     2 ||    11
  Eat: Chunk             |     6 |    19 |    25 |    10 ||    60
       Ration            |       |       |     3 |     1 ||     4
Armor: Robe              |    53 |    91 |    93 |    79 ||   316
Dodge: Dodged            |    92 |   176 |   230 |   149 ||   647

Table legend:
 A = Non-vault XP
 B = Vault XP
 C = Vault XP percentage of total XP
 D = Non-vault monster count
 E = Vault monster count
 F = Vault count percentage of total count
                 A         B        C        D         E       F
            +---------+---------+-------+---------+---------+-------
      Total |    6671 |    3580 |  34.9 |     193 |     134 |  41.0
            +---------+---------+-------+---------+---------+-------
        D:1 |      33 |       0 |   0.0 |      21 |       0 |   0.0
        D:2 |      52 |      43 |  45.3 |      24 |       9 |  27.3
        D:3 |      57 |     664 |  92.1 |      22 |      60 |  73.2
        D:4 |     268 |       0 |   0.0 |       9 |       0 |   0.0
        D:5 |     684 |       0 |   0.0 |      24 |       0 |   0.0
        D:6 |     419 |     186 |  30.7 |      14 |       1 |   6.7
        D:7 |     662 |    1008 |  60.4 |      22 |       4 |  15.4
        D:8 |    1560 |    1151 |  42.5 |      34 |      52 |  60.5
        D:9 |    2374 |       0 |   0.0 |      16 |       0 |   0.0
       D:10 |     562 |     528 |  48.4 |       7 |       8 |  53.3
            +---------+---------+-------+---------+---------+-------
